 Dungeon Crawl Stone Soup version 0.30-a0-956-gcec3b41aec (webtiles) character file.

Game seed: 835827663712426692

49 DeathPants the Trooper (level 3, -2/33 HPs)
             Began as a Minotaur Fighter on Mar 29, 2023.
             Slain by a gnoll
             ... wielding a +0 halberd
              (6 damage)
             ... on level 2 of the Dungeon.
             The game lasted 00:02:49 (1139 turns).

DeathPants the Trooper (Minotaur Fighter)           Turns: 1139, Time: 00:02:51

Health: -2/33      AC:  7    Str: 22    XL:     3   Next: 53%
Magic:  2/2        EV:  9    Int:  5    God:
Gold:   35         SH:  4    Dex:  9    Spells: 2/2 levels left

rFire   . . .      SeeInvis .    a - +0 war axe
rCold   . . .      Faith    .    c - +0 buckler
rNeg    . . .      Spirit   .    b - +0 scale mail
rPois   .          Reflect  .    (helmet restricted)
rElec   .          Rampage  .    (no cloak)
rCorr   .                        (no gloves)
Will    .....                    (no boots) Stlth
                                 (no amulet)
HPRegen 0.25/turn                (no ring)
MPRegen 0.08/turn                (no ring)

@: mighty, weak-willed
A: horns 2, retaliatory headbutt
a: no special abilities


You were on level 2 of the Dungeon.
You visited 1 branch of the dungeon, and saw 3 of its levels.

You collected 75 gold pieces.
You spent 40 gold pieces at shops.

Inventory:

Hand Weapons
 a - a +0 war axe (weapon)
Armour
 b - a +0 scale mail (worn)
 c - a +0 buckler (worn)
Potions
 g - a potion of flight
 i - 2 potions of lignification {unknown}
 j - a potion of heal wounds {unknown}
 k - a potion of resistance {unknown}


   Skills:
 + Level 4.1 Fighting
 * Level 3.6 Axes
 + Level 4.1 Armour
 + Level 4.1 Shields


You had 2 spell levels left.
You didn't know any spells.
Your spell library was empty.

Dungeon Overview and Level Annotations

Branches:
Dungeon (3/15)

Altars:

Shops:
D:3 ?


Innate Abilities, Weirdness & Mutations

You have a pair of horns on your head.
You reflexively headbutt those who attack you in melee.


Message History

Done waiting.
As you read the scroll labelled SOR MUETUQOWN, it crumbles to dust.
Magic quickly surges around you.
It was a scroll of vulnerability. 2 gnolls come into view.
The gnoll shouts!
You hear a shout!
The gnoll moves out of view.
A gnoll comes into view. It is wielding a +0 halberd.
The gnoll shouts!
A gnoll comes into view. It is wielding a +0 whip.
The gnoll hits you but does no damage.
You barely miss the gnoll. The gnoll hits you with a +0 club.
A hobgoblin comes into view.
You feel very mighty all of a sudden.
The hobgoblin shouts!
You block the gnoll's attack.
You slash the gnoll!
The gnoll is severely wounded.
The gnoll hits you with a +0 club.
You slash the gnoll!
You kill the gnoll!
The gnoll barely misses you. You block the gnoll's attack.
Your Armour skill increases to level 4!
You slash the gnoll!
The gnoll is severely wounded.
You block the gnoll's attack. The gnoll closely misses you.
An endoplasm comes into view.
The endoplasm quivers.
You slice the gnoll!!
You kill the gnoll!
The gnoll hits you from afar with a +0 halberd!
The gnoll hits you with a +0 halberd!
* * * LOW HITPOINT WARNING * * *
Things that are here:
a +0 whip; a +0 club; a gnoll corpse You slash the gnoll!
The gnoll is almost dead.
The gnoll hits you with a +0 halberd.
* * * LOW HITPOINT WARNING * * *
The gnoll hits you with a +0 halberd.
You die...

### ### #.. ..# #.# #.#
#.# #.#
#.######.#####J####
####.##.......@ggg...#
###.......###.#####.#...
..#.##.#...##.#
..).##....>.#.#
#.####........# #.#
####.##### #.# #.# ..#
#.# ### #+#


You could see 2 gnolls, an endoplasm and a hobgoblin.

Vanquished Creatures
  2 gnolls (D:2)
  A dart slug (D:3)
  A ball python (D:2)
  5 endoplasms
  2 giant cockroaches
  3 goblins
  3 hobgoblins
  3 bats (D:1)
  2 frilled lizards
  3 kobolds
  2 rats
27 creatures vanquished.

Notes
Turn   | Place    | Note
-------+----------+-------------------------------------------
     0 | D:1      | DeathPants the Minotaur Fighter began the quest for the
                  | Orb.
     0 | D:1      | Reached XP level 1. HP: 19/19 MP: 0/0
   168 | D:1      | Reached XP level 2. HP: 27/27 MP: 1/1
   968 | D:3      | Found Qoig Xadd's Magic Scroll Shop.
   992 | D:3      | Bought a scroll of identify for 20 gold pieces
   992 | D:3      | Bought a scroll of identify for 20 gold pieces
   999 | D:3      | Reached XP level 3. HP: 33/33 MP: 2/2
  1139 | D:2      | Slain by a gnoll

Illustrated notes

Levels and vault maps discovered:
D:1:      grunt_arrival_crossed_arrows, layout_basic
D:2:      layout_loops_corners, shapermc_ecumenical_altar_flowoftime
D:3:      minmay_chambers_of_threes, layout_loops_ring, serial_shops,
          nicolae_shop_advertising_works [nicolae_subvault_shop_adworks]

Skill      XL: |  1  2  3 |
---------------+----------+-----
Axes           | 3 |  3.6
Fighting       | 4 |  4.1
Shields        | 4 |  4.1
Armour         | 4 |  4.1

Action                     || total
---------------------------++-------
  Melee: War axe           ||    49
         Headbutt          ||     4
    Use: Scroll            ||     4
         Potion            ||     1
 Armour: Scale mail        ||    24
  Dodge: Dodged            ||    15
  Block: Buckler           ||    15

Table legend: (Time is in decaauts)
 A = Elapsed time spent in this place.
 B = Non-inter-level travel time spent in this place.
 C = Inter-level travel time spent in this place.
 D = Time resting spent in this place.
 E = Time spent auto-exploring this place.
 F = Levels seen in this place.
 G = Mean time per level.
                   A        B        C        D        E       F      G
               +--------+--------+--------+--------+--------+-----+--------+
         Total |   1159 |   1122 |     37 |    100 |    746 |   3 |  386.3 |
       Dungeon |   1159 |   1122 |     37 |    100 |    746 |   3 |  386.3 |
               +--------+--------+--------+--------+--------+-----+--------+

Top non-repeatable levels by time:
     D:1: 879 daAuts
     D:2: 229 daAuts
     D:3: 50 daAuts
